 Zot Defence DCSS version 0.15.2 (webtiles) character file.

322 magog001 the Skirmisher (level 6, 0/1 (56) HPs)
             Began as a Minotaur Fighter on Aug 24, 2017.
             Rotted away (a giant cockroach)
             ... in the Realm of Zot (Scenario I: Hall of Zot).
             The game lasted 00:09:16 (920 turns).

magog001 the Skirmisher (Minotaur Fighter)           Turns: 920, Time: 00:09:17

HP   0/1 (56)    AC  7     Str 22      XL: 6   Next: 22%
MP   3/3         EV  7     Int  4 (5)  God:
Gold 0           SH 10     Dex 10      Spells:  0 memorised,  5 levels left

rFire  . . .     SeeInvis .     a - +0 war axe
rCold  . . .     Clarity  .     b - +0 scale mail
rNeg   . . .     rCorr    .     c - +0 shield
rPois  .         rRot     .     (helmet restricted)
rElec  .         Spirit   .     (no cloak)
SustAb .         Warding  .     (no gloves)
rMut   .         Stasis   .     (no boots)
Gourm  .                        (no amulet)
MR     .....                    (no ring)
                                (no ring)

@: not resistant to hostile enchantments, extremely unstealthy
A: retaliatory headbutt, horns 2
a: Make oklob sapling, Make arrow trap, Make plant, Remove Curse, Make burning
bush, Make altar, Make grenades


You were in the Realm of Zot.
You were not hungry.

You visited 1 branch

Inventory:

Hand weapons
 a - a +0 war axe (weapon)
Missiles
 n - 2 stones (quivered)
Armour
 b - a +0 scale mail (worn)
 c - a +0 shield (worn)
Comestibles
 f - a bread ration
Scrolls
 k - a scroll of blinking
Potions
 d - 3 potions of curing
 e - a potion of might
 g - a potion of heal wounds
 h - a potion of haste
 i - 2 potions of magic
 j - a potion of berserk rage


   Skills:
 + Level 5.4 Fighting
 + Level 3.6 Axes
 + Level 5.2 Armour
 + Level 1.3 Dodging
 + Level 5.3 Shields


You had 5 spell levels left.
You didn't know any spells.

Dungeon Overview and Level Annotations

Branches:
    Zot (1/1)

Altars:


Innate Abilities, Weirdness & Mutations

You reflexively headbutt those who attack you in melee.
You have a pair of horns on your head.


Message History

The hobgoblin writhes in agony as its flesh is eaten away!
The hobgoblin dies!
Your flesh rots away as the Orb of Zot is desecrated. x2
Things that are here:
a flail; a rotting gnoll corpse Your flesh rots away as the Orb of Zot is desecrated.
The splash of acid hits the giant cockroach.
The giant cockroach dies!
Your flesh rots away as the Orb of Zot is desecrated.
Your flesh rots away as the Orb of Zot is desecrated. x2
Your flesh rots away as the Orb of Zot is desecrated. x2
You see here a rat skeleton.
Your flesh rots away as the Orb of Zot is desecrated.
You slash the hobgoblin!
You kill the hobgoblin!
Your flesh rots away as the Orb of Zot is desecrated.
An arrow hits the ooze!
Your flesh rots away as the Orb of Zot is desecrated. x2
Ouch! That really hurt!
You die...

▓▓▓▓▓▓▓ ▓▓▓▓▓▓▓▓▓ ...▓▓▓▓
▓▓▓▓..... ......▓▓▓ ▓▓▓........
........▓▓ ▓▓..........
.........▓ ▓▓▓▓▓▓▓▓▓ ▓...........
.........▓▓▓.......▓▓▓..P........
.........▓▓.........▓▓...........
.........▓...........▓..)........
........%P....)s@....J...%P......
........%▓...........▓J....).....
.........▓▓.........▓▓%..........
.........▓▓▓.......▓▓▓...J....%..
.........# ▓▓▓▓▓▓▓▓▓ #....%......
....%...## ##.)).%....% ......###
###..))..%. ...#### ####.%...
######## ##########


You could see 2 oozes, a giant cockroach and a friendly oklob sapling.

Vanquished Creatures
  A hound (Zot)
  2 adders (Zot)
  A giant mite (Zot)
  4 oozes (Zot)
  An orc (Zot)
  2 ball pythons (Zot)
  3 bats (Zot)
  A giant cockroach (Zot)
  A goblin (Zot)
  2 hobgoblins (Zot)
  3 jackals (Zot)
  2 kobolds (Zot)
  3 rats (Zot)
26 creatures vanquished.

Vanquished Creatures (collateral kills)
  A worker ant (Zot)
  Ijyb (Zot)
  A gnoll (Zot)
  A worm (Zot)
  A giant mite (Zot)
  6 ball pythons (Zot)
  2 giant cockroaches (Zot)
  6 hobgoblins (Zot)
  4 jackals (Zot)
  5 kobolds (Zot)
  10 bats (Zot)
  6 giant newts (Zot)
  4 goblins (Zot)
  4 rats (Zot)
52 creatures vanquished.

Vanquished Creatures (others)
  A rat (Zot)
1 creature vanquished.

Grand Total: 79 creatures vanquished

Notes
Turn   | Place    | Note
--------------------------------------------------------------
     0 | Zot      | magog001, the Minotaur Fighter, began the quest for the Orb.
     0 | Zot      | Reached XP level 1. HP: 19/19 MP: 1/1
   225 | Zot      | Noticed Faun
   228 | Zot      | Reached skill level 4 in Fighting
   228 | Zot      | Reached XP level 2. HP: 10/17 MP: 1/1
   233 | Zot      | Killed Faun the hound
   233 | Zot      | Reached XP level 3. HP: 8/24 MP: 2/2
   233 | Zot      | Reached XP level 4. HP: 10/31 MP: 2/2
   337 | Zot      | Reached XP level 5. HP: 19/19 MP: 2/2
   379 | Zot      | Reached skill level 5 in Armour
   510 | Zot      | Reached skill level 5 in Fighting
   638 | Zot      | Reached skill level 5 in Shields
   639 | Zot      | Noticed Ijyb
   655 | Zot      | Killed Ijyb
   766 | Zot      | Reached skill level 1 in Dodging
   817 | Zot      | Reached XP level 6. HP: 15/17 MP: 3/3
   920 | Zot      | Rotted away (a giant cockroach)

Action                   |  1- 3 |  4- 6 || total
-------------------------+-------+-------++-------
Melee: War axe           |    14 |    58 ||    72
       Short sword       |       |     1 ||     1
 Abil: Make oklob saplin |     1 |     2 ||     3
       Make arrow trap   |       |     1 ||     1
       Remove Curse      |       |     1 ||     1
